 Dungeon Crawl Stone Soup version 0.30-a0-42-g806c11bf1d (webtiles) character file.

Game seed: 4681566072599980237

4946 LnG the Protected (level 10, -1/88 HPs)
             Began as a Hill Orc Fighter on Aug 30, 2022.
             Was a Priest of Nemelex Xobeh.
             Slain by a cane toad (15 damage)
             ... on level 2 of the Lair of Beasts.
             The game lasted 01:11:48 (12828 turns).

LnG the Protected (Hill Orc Fighter)               Turns: 12828, Time: 01:11:48

Health: -1/88      AC: 15    Str: 30    XL:     10   Next: 52%
Magic:  10/10      EV: 10    Int: 11    God:    Nemelex Xobeh [***...]
Gold:   478        SH:  4    Dex:  8    Spells: 9/9 levels left

rFire   . . .      SeeInvis .    z - +11 whip of a wizard's laboratory {freeze, Int+3}
rCold   . . .      Faith    .    c - +0 buckler
rNeg    . . .      Spirit   .    b - +0 scale mail
rPois   .          Reflect  .    i - +2 helmet
rElec   .          Harm     .    (no cloak)
rCorr   .          Rampage  .    (no gloves)
Will    +....                    x - +2 pair of boots
Stlth   ..........               (no amulet)
HPRegen 0.24/turn                g - +6 ring of strength
MPRegen 0.12/turn                (no ring)

@: lethally poisoned (-1 -> -11)
A: hooves 1, clumsy 1, strong-willed 1
a: Renounce Religion, Draw Escape, Draw Destruction, Draw Summoning, Triple Draw


You were on level 2 of the Lair of Beasts.
You worshipped Nemelex Xobeh.
Nemelex Xobeh was most pleased with you.
You visited 3 branches of the dungeon, and saw 11 of its levels.

You collected 607 gold pieces.
You spent 129 gold pieces at shops.

Inventory:

Hand Weapons
 a - a +2 war axe of freezing
 z - the +11 whip of a wizard's laboratory (weapon) {freeze, Int+3}
   (You found it on level 5 of the Dungeon)

   It freezes those it strikes, dealing additional cold damage.
   It can also slow down cold-blooded creatures.
   Int:       It affects your intelligence (+3).
Armour
 b - a +0 scale mail (worn)
 c - a +0 buckler (worn)
 i - a +2 helmet (worn)
 j - a +0 hat
 x - a +2 pair of boots (worn)
Jewellery
 g - a +6 ring of strength (left hand)
 m - a +4 ring of evasion
 v - a ring of resist corrosion
 D - a +4 ring of evasion
Wands
 f - a wand of quicksilver (12)
Scrolls
 e - a scroll of brand weapon
 o - 4 scrolls of teleportation
 q - a scroll of amnesia
 r - a scroll of immolation {unknown}
 u - a scroll of poison {unknown}
 y - a scroll of magic mapping
 A - a scroll of fear {unknown}
 E - a scroll of blinking {unknown}
Potions
 d - 2 potions of mutation
 h - a potion of flight
 k - 4 potions of magic
 l - a potion of might
 n - 2 potions of attraction
 p - 2 potions of heal wounds
 s - 3 potions of curing
 t - a potion of berserk rage {unknown}
 w - 2 potions of ambrosia
 C - a potion of resistance {unknown}


   Skills:
 + Level 8.1 Fighting
 + Level 8.9(10.6) Axes
 + Level 7.8(9.2) Maces & Flails
 + Level 9.1 Armour
 + Level 3.4 Dodging
 + Level 2.0 Stealth
 + Level 5.4 Shields


You had 9 spell levels left.
You didn't know any spells.
Your spell library contained the following spells:

 Spells                   Type           Power      Damage    Failure   Level
 Foxfire                  Conj/Fire      0%         2x1d4     63%         1
 Conjure Flame            Conj/Fire      0%         6-21      94%         3
 Ignite Poison            Fire/Tmut/Pois 0%         N/A       94%         3
 Inner Flame              Hex/Fire       0%         N/A       94%         3
 Mephitic Cloud           Conj/Pois/Air  0%         N/A       94%         3
 Ozocubu's Armour         Ice            0%         N/A       94%         3
 Animate Dead             Necr           0%         N/A       100%        4
 Flame Wave               Conj/Fire      0%         2d4       100%        4
 Petrify                  Tmut/Erth      0%         N/A       100%        4
 Borgnjor's Vile Clutch   Necr/Erth      0%         N/A       100%        5
 Fireball                 Conj/Fire      0%         3d3       100%        5
 Freezing Cloud           Conj/Ice/Air   0%         6-21      100%        5
 Metabolic Englaciation   Hex/Ice        0%         N/A       100%        5
 Summon Forest            Summ/Tloc      0%         N/A       100%        5
 Summon Mana Viper        Hex/Summ       0%         N/A       100%        5
 Death Channel            Necr           0%         N/A       100%        6
 Simulacrum               Ice/Necr       0%         N/A       100%        6
 Starburst                Conj/Fire      0%         6d3       100%        6
 Statue Form              Tmut/Erth      0%         N/A       100%        6
 Summon Cactus Giant      Summ           0%         N/A       100%        6
 Ignition                 Fire           0%         3d3       100%        8


Dungeon Overview and Level Annotations

Branches:
Dungeon (8/15)             Temple (1/1) D:4            Lair (2/5) D:8
  Swamp: Lair:2-3    Shoals: Lair:2-3     Snake: Lair:2-3    Spider: Lair:2-3

Altars:
Ashenzari
Cheibriados
Elyvilon
Gozag
Hepliaklqana
Kikubaaqudgha
Makhleb
Nemelex Xobeh
Okawaru
Qazlal
Ru
Sif Muna
Trog
Uskayaw
Vehumet
Wu Jian
Xom
Yredelemnul
Zin
The Shining One

Shops:
D:1 *   D:3 =   D:4 [   D:6 (

Annotations:
Lair:1 Maggie


Innate Abilities, Weirdness & Mutations

You have large cloven feet.
You are clumsy. (Dex -2)
You are strong-willed. (Will+)


Message History

The blink frog blinks! x2
There is a stone staircase leading down here.
You climb downwards.
Found a green potion.
There is a stone staircase leading up here.
You start resting.
A cane toad comes into view.
You start resting.
A cane toad is nearby!
The cane toad croaks.
Found a stone staircase leading up.
You draw a card...
You have drawn the Illusion.
Suddenly you stand beside yourself.
LnG's illusion barely misses the cane toad.
The cane toad attacks as you move away! You block the cane toad's attack.
The cane toad stings you!
* * * LOW HITPOINT WARNING * * *
You are poisoned.
The cane toad poisons you!
LnG's illusion hits the cane toad but does no damage.
You draw a card...
You have drawn the Orb.
Press: ? - help, Shift-Dir - straight line, f - cane toad
Aim: a cane toad (ally target)
Your orb of destruction hits a rock wall.
The wavering orb of destruction weakly hits LnG's illusion but does no damage.
The deck of cards glows with a rainbow of weird colours and disappears.
* * * LOW HITPOINT WARNING * * *
You feel very sick.
The cane toad stings you but does no damage.
LnG's illusion hits the cane toad but does no damage.
* * * LOW HITPOINT WARNING * * *
You feel very sick.
Your orb of destruction hits a rock wall.
LnG's illusion hits the cane toad.
LnG's illusion freezes the cane toad.
You barely miss the cane toad.
The cane toad is lightly wounded.
You feel sick. The cane toad stings you!
You die...
Your body disappears without a glow.

..P.#..#.P#..###....###
.......................
##P...#....#.#........#
..............°........
...P......P##.°..#P..#.
...............○.......
...P.......!.@.○.......
.......<......F@.......
##.#...#.##.#°###......
#..#.#.###°# PP..#
...... ...*.. ....
#...###. P....<# ...
#PF. #. ####..# .. ...
.. .... . .. .. ....


You could see a cane toad (ally target) and the friendly LnG's illusion
(summoned).

Vanquished Creatures
  A hornet (D:6)
  Grinder (D:3)
  3 yaks
  4 wyverns
  A hog (D:8)
  A basilisk (D:8)
  A naga (D:8)
  4 water moccasins
  An ice beast (D:7)
  2 orc warriors
  2 sky beasts (D:8)
  2 black bears
  An ogre (D:6)
  A centaur (D:3)
  2 phantoms
  5 bullfrogs
  A gnoll sergeant (D:8)
  2 necrophages (D:6)
  3 scorpions
  2 water moccasin zombies (D:6)
  2 wights (D:6)
  2 howler monkeys (D:7)
  2 bullfrog zombies (D:6)
  5 orc priests
  A human zombie (D:6)
  3 iguanas
  Crazy Yiuf (D:7)
  Natasha (thrice) (D:2)
  2 orc wizards
  A killer bee zombie (D:6)
  A mummy (D:6)
  Robin (D:2)
  2 howler monkey zombies (D:6)
  5 gnolls (D:8)
  7 adders
  A shadow imp (D:8)
  3 white imps
  3 worms
  3 dart slugs
  20 orcs
  8 endoplasms
  3 giant cockroaches
  10 goblins
  9 hobgoblins
  4 jackals
  3 quokkas
  7 ball pythons
  3 bats
  6 frilled lizards
  7 kobolds
  6 rats
  13 bushes (D:4)
187 creatures vanquished.

Vanquished Creatures (collateral kills)
  A howler monkey (D:7)
  2 orcs (D:7)
3 creatures vanquished.

Vanquished Creatures (others)
  4 fungi
  33 plants
37 creatures vanquished.

Grand Total: 227 creatures vanquished

Notes
Turn   | Place    | Note
-------+----------+-------------------------------------------
     0 | D:1      | LnG the Hill Orc Fighter began the quest for the Orb.
     0 | D:1      | Reached XP level 1. HP: 19/19 MP: 1/1
   325 | D:1      | Reached XP level 2. HP: 26/27 MP: 2/2
   406 | D:1      | Found Taopp's Assorted Antiques.
  1345 | D:1      | Bought a scroll of teleportation for 75 gold pieces
  1369 | D:2      | Reached XP level 3. HP: 33/33 MP: 3/3
  1768 | D:2      | Noticed Natasha
  2089 | D:2      | Killed Natasha
  2090 | D:2      | Reached XP level 4. HP: 33/40 MP: 4/4
  2115 | D:2      | Noticed Natasha
  2120 | D:2      | Killed Natasha
  2121 | D:2      | Reached skill level 4 in Armour
  2239 | D:2      | Found a faded altar of an unknown god.
  2470 | D:2      | Noticed Robin
  2475 | D:2      | Reached skill level 1 in Dodging
  2481 | D:2      | Reached XP level 5. HP: 10/46 MP: 5/5
  2488 | D:2      | Killed Robin
  2803 | D:2      | Noticed Natasha
  2815 | D:2      | Killed Natasha
  3440 | D:3      | Reached skill level 5 in Axes
  3665 | D:3      | Noticed Grinder
  3686 | D:3      | Paralysed by Grinder for 3 turns
  3692 | D:3      | Killed Grinder
  3693 | D:3      | Reached XP level 6. HP: 15/53 MP: 6/6
  4034 | D:3      | Reached XP level 7. HP: 41/60 MP: 7/7
  4195 | D:3      | Found Muiwar's Jewellery Emporium.
  4531 | D:3      | Gained mutation: You have large cloven feet. [potion of
                  | mutation]
  4531 | D:3      | Gained mutation: You are clumsy. (Dex -2) [potion of
                  | mutation]
  4531 | D:3      | Gained mutation: You are strong-willed. (Will+) [potion of
                  | mutation]
  4720 | D:4      | Reached skill level 5 in Armour
  4724 | D:4      | Reached skill level 5 in Fighting
  4816 | D:4      | Found Veitwaxt's Armour Shop.
  4821 | D:4      | Bought a +0 pair of boots for 54 gold pieces
  6178 | D:4      | Found a staircase to the Ecumenical Temple.
  6615 | Temple   | Entered the Ecumenical Temple
  6783 | Temple   | Became a worshipper of Nemelex Xobeh the Trickster
  7139 | D:5      | Entered Level 5 of the Dungeon
  7236 | D:5      | Found a faded altar of an unknown god.
  7548 | D:5      | Reached * piety under Nemelex Xobeh
  7565 | D:5      | Identified the +11 whip of a wizard's laboratory {freeze,
                  | Int+3}
  7619 | D:5      | Found a glowing silver altar of Zin.
  7840 | D:5      | Reached XP level 8. HP: 53/69 MP: 8/8
  8337 | D:6      | Found a broken altar of Ashenzari.
  8554 | D:6      | Noticed a hornet
  8576 | D:6      | Reached skill level 6 in Armour
  8581 | D:6      | Killed a hornet
  8582 | D:6      | Reached skill level 1 in Maces & Flails
  8582 | D:6      | Reached skill level 1 in Stealth
  8803 | D:6      | Found Licven's Weapon Boutique.
  8884 | D:6      | Reached skill level 7 in Armour
  8918 | D:6      | Reached XP level 9. HP: 73/77 MP: 9/9
  8925 | D:6      | Found a basalt altar of Yredelemnul.
  9278 | D:6      | Found an ancient bone altar of Kikubaaqudgha.
  9352 | D:7      | Received a gift from Nemelex Xobeh
  9377 | D:7      | Reached ** piety under Nemelex Xobeh
  9838 | D:7      | Found a runed translucent door.
  9839 | D:7      | Noticed Crazy Yiuf
  9845 | D:7      | Killed Crazy Yiuf
  9937 | D:7      | Received a gift from Nemelex Xobeh
 10397 | D:7      | Found a burning altar of Makhleb.
 10520 | D:7      | Reached skill level 5 in Maces & Flails
 10850 | D:7      | Noticed an eight-headed hydra
 11234 | D:8      | Reached skill level 5 in Shields
 11265 | D:8      | Reached skill level 8 in Armour
 11274 | D:8      | Reached XP level 10. HP: 54/86 MP: 10/10
 11597 | D:8      | Found a staircase to the Lair.
 12137 | D:8      | Found an opulent altar of Gozag.
 12633 | Lair:1   | Entered Level 1 of the Lair of Beasts
 12680 | Lair:1   | Reached skill level 9 in Armour
 12732 | Lair:1   | Noticed Maggie
 12742 | Lair:1   | Reached *** piety under Nemelex Xobeh
 12754 | Lair:2   | Noticed a cane toad
 12828 | Lair:2   | Slain by a cane toad

Illustrated notes

Levels and vault maps discovered:
D:1:      dpeg_arrival_brainrot, layout_rooms, serial_shops,
          nicolae_shop_competitors_out_of_business, minmay_pentomino_t2
D:2:      layout_basic, basic_ecumenical_altar, uniq_robin, uniq_natasha
D:3:      layout_basic, serial_shops, nicolae_shop_advertising_works
          [nicolae_subvault_shop_adworks], uniq_grinder
D:4:      layout_cave_pools, minmay_temple_entry_junction, serial_shops,
          kennysheep_little_box, serial_forest, infiniplex_forest_clump_double,
          infiniplex_forest_lined_3, infiniplex_forest_lined_room_2,
          infiniplex_forest_end_double, infiniplex_forest_corner_1,
          infiniplex_forest_straight_3, infiniplex_forest_lined_corner,
          chequers_serial_rivers_micro_b
D:5:      layout_cave_pods, zin_statuary, serial_column_ruins,
          column_ruins_temple_circle, column_ruins_hut, column_ruins_open_tiny,
          column_ruins_columns_straight, column_ruins_open_small
D:6:      layout_cave_pools, amcnicky_altar_gilded, general_overflow_altar,
          lemuel_mausoleum_altar_yredelemnul, serial_shops,
          nicolae_shop_bloodbath_and_beyond
D:7:      layout_basic, mainiacjoe_overflow_six_doors_small,
          lightli_corner_chamber, uniq_crazy_yiuf_cottage
D:8:      layout_loops_ring, nicolae_overflow_crystal_walls,
          minmay_lair_entry_grove
Temple:   dpeg_chambers_temple
Lair:1:   layout_regular_city, nicolae_quartered_pool_medium, uniq_maggie
Lair:2:   layout_long_grid, guppyfry_snake_entry_garden,
          chequers_serial_rivers_large_b, wad_woods_road_05

Skill      XL: |  1  2  3  4  5  6  7  8  9 10 |
---------------+-------------------------------+-----
Fighting       | 4 5 6 7 8 |  8.1
Axes           | 3 4 6 7 8 |  8.9
Armour         | 4 5 7 8 9 |  9.1
Dodging        | 1 2 3 |  3.4
Shields        | 4 5 |  5.4
Maces & Flails | 2 6 7 |  7.8
Stealth        | 1 2 |  2.0

Action                   |  1- 3 |  4- 6 |  7- 9 | 10-12 || total
-------------------------+-------+-------+-------+-------++-------
Melee: War axe           |    72 |    89 |   265 |       ||   426
       Whip              |       |       |   179 |    90 ||   269
       Kick              |       |       |     1 |       ||     1
Invok: Draw Destruction  |       |       |     3 |     3 ||     6
       Draw Summoning    |       |       |     2 |     1 ||     3
  Use: Scroll            |     4 |     2 |     5 |     6 ||    17
       Potion            |     4 |     2 |     4 |       ||    10
Armor: Scale mail        |    40 |    56 |    82 |    25 ||   203
Dodge: Dodged            |    34 |    61 |    90 |    28 ||   213
Block: Buckler           |    11 |    20 |    43 |    12 ||    86

Table legend: (Time is in decaauts)
 A = Elapsed time spent in this place.
 B = Non-inter-level travel time spent in this place.
 C = Inter-level travel time spent in this place.
 D = Time resting spent in this place.
 E = Time spent auto-exploring this place.
 F = Levels seen in this place.
 G = Mean time per level.
                   A        B        C        D        E       F      G
               +--------+--------+--------+--------+--------+-----+--------+
         Total |  12884 |  12884 |      0 |   4104 |      0 |  11 | 1171.3 |
       Dungeon |  12345 |  12345 |      0 |   3986 |      0 |   8 | 1543.1 |
        Temple |    350 |    350 |      0 |      0 |      0 |   1 |  350.0 |
          Lair |    188 |    188 |      0 |    118 |      0 |   2 |   94.0 |
               +--------+--------+--------+--------+--------+-----+--------+

Top non-repeatable levels by time:
     D:4: 1971 daAuts
     D:2: 1849 daAuts
     D:7: 1843 daAuts
     D:1: 1635 daAuts
     D:3: 1449 daAuts
     D:8: 1388 daAuts
     D:6: 1166 daAuts
     D:5: 1040 daAuts
  Temple: 350 daAuts
  Lair:1: 106 daAuts
  Lair:2: 82 daAuts
